 Dungeon Crawl Stone Soup version 0.29.1-1-gd02db6906a (webtiles) character file.

Game seed: 9668627736600654286

1458 juncz the Chiller (level 8, -8/60 HPs)
             Began as a Gnoll Ice Elementalist on Sept 27, 2022.
             Mangled by Maggie
             ... wielding a +2 glaive of flaming
              (15 damage)
             ... on level 6 of the Dungeon.
             The game lasted 00:12:13 (5658 turns).

juncz the Chiller (Gnoll Ice Elementalist)          Turns: 5658, Time: 00:12:13

Health: -8/60      AC: 13    Str:  7    XL:     8   Next: 76%
Magic:  11/17      EV: 18    Int: 17    God:
Gold:   278        SH:  0    Dex: 13    Spells: 12/19 levels left

rFire   . . .      SeeInvis .   u - +2 scimitar (freeze)
rCold   . . .      Faith    .   (no shield)
rNeg    . . .      Spirit   .   a - +0 robe
rPois   .          Reflect  .   y - +1 hat
rElec   .          Harm     .   n - +0 cloak
rCorr   .          Rampage  .   (no gloves)
Will    .....                   v - +0 pair of boots
Stlth   +++.......              k - amulet of magic regeneration
HPRegen 0.20/turn               p - +4 ring of evasion
MPRegen 0.55/turn               (no ring)

@: ice-armoured, freezing walls
A: fangs 1, strong nose, distributed training
a: no special abilities


You were on level 6 of the Dungeon.
You visited 1 branch of the dungeon, and saw 6 of its levels.
You also visited: Sewer.

You collected 278 gold pieces.

Inventory:

Hand Weapons
 c - a +0 short sword
 u - a +2 scimitar of freezing (weapon)
Missiles
 d - 30 stones (quivered)
Armour
 a - a +0 robe (worn)
 n - a +0 cloak (worn)
 v - a +0 pair of boots (worn)
 y - a +1 hat (worn)
 G - a +0 buckler
Jewellery
 g - an amulet of regeneration
 k - an amulet of magic regeneration (around neck)
 p - a +4 ring of evasion (left hand)
Wands
 l - a wand of charming (15)
Scrolls
 e - a scroll of torment {unknown}
 f - 2 scrolls of magic mapping {unknown}
 i - a scroll of fear {unknown}
 j - 2 scrolls of teleportation {unknown}
 m - a scroll of immolation {unknown}
 o - 3 scrolls of enchant armour {unknown}
 q - 3 scrolls of blinking {unknown}
 s - 3 scrolls of identify {unknown}
 t - a scroll of fog {unknown}
 C - a scroll of noise {unknown}
 D - a scroll of poison {unknown}
 E - 2 scrolls of amnesia {unknown}
Potions
 b - 2 potions of magic
 h - a potion of mutation {unknown}
 r - 7 potions of resistance {unknown}
 w - 2 potions of curing {unknown}
 x - a potion of lignification {unknown}
 z - a potion of haste {unknown}
 A - a potion of brilliance {unknown}
 B - 2 potions of invisibility {unknown}
 F - a potion of heal wounds {unknown}


   Skills:
 + Level 3.7 Fighting
 + Level 3.7 Short Blades
 + Level 3.7 Long Blades
 + Level 3.7 Axes
 + Level 3.7 Maces & Flails
 + Level 3.7 Polearms
 + Level 3.7 Staves
 + Level 3.7 Ranged Weapons
 + Level 3.7 Throwing
 + Level 3.7 Armour
 + Level 5.9 Dodging
 + Level 5.6 Stealth
 + Level 3.7 Shields
 + Level 3.7 Unarmed Combat
 + Level 6.3 Spellcasting
 + Level 3.0 Conjurations
 + Level 3.0 Hexes
 + Level 3.0 Summonings
 + Level 3.0 Necromancy
 + Level 3.0 Translocations
 + Level 3.0 Transmutations
 + Level 3.0 Fire Magic
 + Level 7.8 Ice Magic
 + Level 3.0 Air Magic
 + Level 3.0 Earth Magic
 + Level 3.0 Poison Magic
 + Level 4.0 Invocations
 + Level 3.7 Evocations


You had 12 spell levels left.
You knew the following spells:

 Your Spells              Type           Power      Damage    Failure   Level
a - Freeze                Ice            100%       1d11      1%          1
b - Frozen Ramparts       Ice            62%        1d10      1%          3
c - Ozocubu's Armour      Ice            31%        N/A       1%          3

Your spell library contained the following spells:

 Spells                   Type           Power      Damage    Failure   Level
 Ensorcelled Hibernation  Hex/Ice        46%        N/A       1%          2
 Spider Form              Tmut/Pois      15%        N/A       11%         3
 Hailstorm                Conj/Ice       23%        3d7       13%         4
 Anguish                  Hex/Necr       7%         N/A       34%         4


Dungeon Overview and Level Annotations

Branches:
Dungeon (6/15)              Sewer (visited)
 Temple: D:4-7

Altars:
Dithmenos
Nemelex Xobeh
Trog

Annotations:
D:6 Maggie


Innate Abilities, Weirdness & Mutations

You have very sharp teeth.
Your uncanny sense of smell can sniff out nearby items.
Your experience applies equally to all skills.


Message History

G - a +0 buckler The helpless Maggie fails to defend herself.
You hit Maggie. You freeze Maggie. You bite Maggie, but do no damage.
Maggie is lightly wounded.
Maggie hits you with a +2 glaive of flaming!!
Maggie burns you!
Casting: Freeze (safe; 1% risk of failure)
Confirm with . or Enter, or press ? or * to list all spells.
A film of ice covers your body!
Maggie hits you with a +2 glaive of flaming!
Maggie burns you. The heat melts your icy armour.
Casting: Ozocubu's Armour (safe; 1% risk of failure)
Confirm with . or Enter, or press ? or * to list all spells.
Casting: Frozen Ramparts (safe; 1% risk of failure)
Press: ? - help, Dir - look around, f - activate The walls around you are covered in ice.
The wall freezes Maggie.
Maggie misses you.
Casting: Frozen Ramparts (safe; 1% risk of failure)
Confirm with . or Enter, or press ? or * to list all spells.
Aiming: Freeze (safe; 1% risk of failure)
Press: ? - help, Shift-Dir - straight line, f - Maggie
Aim: Maggie, wielding a +2 glaive of flaming and wearing +0 acid dragon scales (lightly wounded)
You freeze Maggie.
Maggie is moderately wounded.
The wall freezes Maggie!
Maggie points at you and mumbles some strange words.
The bolt of fire hits you!
* * * LOW HITPOINT WARNING * * *
The heat melts your icy armour.
Casting: Freeze (safe; 1% risk of failure)
Confirm with . or Enter, or press ? or * to list all spells.
Aiming: Freeze (safe; 1% risk of failure)
Press: ? - help, Shift-Dir - straight line, f/p - Maggie
Aim: Maggie, wielding a +2 glaive of flaming and wearing +0 acid dragon scales (moderately wounded)
You freeze Maggie!
Maggie is heavily wounded.
The wall freezes Maggie!
Maggie hits you with a +2 glaive of flaming!
You die...

##################
...............@@#
................#
................#
.####.....####+##
#+#####.....#
<..'........#
...#........# .
#........#
#........#


You could see Maggie.

Vanquished Creatures
  A steam dragon (D:5)
  A sky beast (D:6)
  A black bear (D:5)
  3 ogres
  3 scorpions
  Blork the orc (D:6)
  4 jellies
  2 orc priests (D:4)
  2 orc wizards
  3 iguanas
  Ijyb (D:3)
  3 gnolls (D:3)
  17 adders
  A worm (D:3)
  2 dart slugs
  15 orcs
  2 ball pythons
  5 bats
  20 endoplasms
  8 giant cockroaches
  7 goblins
  A hobgoblin (D:2)
  13 jackals
  6 kobolds
  6 quokkas
  4 frilled lizards
  11 rats
143 creatures vanquished.

Notes
Turn   | Place    | Note
-------+----------+-------------------------------------------
     0 | D:1      | juncz the Gnoll Ice Elementalist began the quest for the
                  | Orb.
     0 | D:1      | Reached XP level 1. HP: 13/13 MP: 6/6
    78 | D:1      | Reached XP level 2. HP: 19/19 MP: 3/7
   552 | D:1      | Reached skill level 5 in Spellcasting
   552 | D:1      | Reached XP level 3. HP: 25/25 MP: 2/9
   558 | D:1      | Learned a level 3 spell: Frozen Ramparts
   562 | D:1      | Learned a level 3 spell: Ozocubu's Armour
  1040 | D:2      | Reached skill level 1 in Invocations
  1081 | D:2      | Found a bloodstained altar of Trog.
  1191 | D:2      | Found a faded altar of an unknown god.
  1539 | D:2      | Reached skill level 1 in Fighting
  1539 | D:2      | Reached skill level 1 in Short Blades
  1539 | D:2      | Reached skill level 1 in Long Blades
  1539 | D:2      | Reached skill level 1 in Axes
  1539 | D:2      | Reached skill level 1 in Maces & Flails
  1539 | D:2      | Reached skill level 1 in Polearms
  1539 | D:2      | Reached skill level 1 in Staves
  1539 | D:2      | Reached skill level 1 in Ranged Weapons
  1539 | D:2      | Reached skill level 1 in Throwing
  1539 | D:2      | Reached skill level 1 in Armour
  1539 | D:2      | Reached skill level 1 in Shields
  1539 | D:2      | Reached skill level 1 in Unarmed Combat
  1539 | D:2      | Reached skill level 1 in Evocations
  1854 | D:2      | Reached XP level 4. HP: 29/32 MP: 9/11
  2058 | D:3      | Reached skill level 1 in Conjurations
  2058 | D:3      | Reached skill level 1 in Hexes
  2058 | D:3      | Reached skill level 1 in Summonings
  2058 | D:3      | Reached skill level 1 in Necromancy
  2058 | D:3      | Reached skill level 1 in Translocations
  2058 | D:3      | Reached skill level 1 in Transmutations
  2058 | D:3      | Reached skill level 1 in Fire Magic
  2058 | D:3      | Reached skill level 1 in Air Magic
  2058 | D:3      | Reached skill level 1 in Earth Magic
  2058 | D:3      | Reached skill level 1 in Poison Magic
  2131 | D:3      | Noticed Ijyb
  2139 | D:3      | Killed Ijyb
  2140 | D:3      | Reached XP level 5. HP: 37/37 MP: 7/12
  2320 | D:3      | Found a shadowy altar of Dithmenos.
  2322 | D:3      | Found a bloodstained altar of Trog.
  2944 | D:4      | Found a glowing drain.
  2956 | D:4      | Reached XP level 6. HP: 44/44 MP: 9/13
  2962 | Sewer    | Entered a sewer
  3103 | Sewer    | Found a viscous altar of Jiyva.
  3107 | Sewer    | Reached skill level 5 in Dodging
  3330 | D:4      | Reached XP level 7. HP: 50/50 MP: 11/15
  3752 | D:4      | Reached skill level 5 in Stealth
  3827 | D:4      | You fall into a shaft and drop 2 floors!
  3865 | D:6      | Noticed Blork the orc
  3889 | D:6      | Killed Blork the orc
  4287 | D:5      | Entered Level 5 of the Dungeon
  4512 | D:5      | Reached XP level 8. HP: 55/58 MP: 12/16
  4839 | D:4      | Found a sparkling altar of Nemelex Xobeh.
  5646 | D:6      | Noticed Maggie
  5658 | D:6      | Mangled by Maggie

Illustrated notes

Levels and vault maps discovered:
D:1:      amcnicky_arrival_blooded_trapdoor, layout_basic
D:2:      layout_basic, basic_altar, nicolae_ecumenical_oubliette
D:3:      layout_loops_ring, jmf_multi_god_temple, dreamdust_princess_bridge,
          uniq_ijyb
D:4:      layout_basic, nemelex_spade_bored_becter, gup_sewer_entry_glass
D:5:      layout_basic
D:6:      layout_gridville, dreamdust_princess_corridor,
          minmay_tree_intersection, uniq_duvessa, uniq_maggie,
          uniq_blork_the_orc

Skill      XL: |  1  2  3  4  5  6  7  8 |
---------------+-------------------------+-----
Spellcasting   | 5 6 |  6.3
Invocations    | 1 2 3 4 |  4.0
Fighting       | 1 2 3 |  3.7
Short Blades   | 1 2 3 |  3.7
Long Blades    | 1 2 3 |  3.7
Axes           | 1 2 3 |  3.7
Maces & Flails | 1 2 3 |  3.7
Polearms       | 1 2 3 |  3.7
Staves         | 1 2 3 |  3.7
Ranged Weapons | 1 2 3 |  3.7
Throwing       | 1 2 3 |  3.7
Armour         | 1 2 3 |  3.7
Shields        | 1 2 3 |  3.7
Unarmed Combat | 1 2 3 |  3.7
Evocations     | 1 2 3 |  3.7
Conjurations   | 1 2 3 |  3.0
Hexes          | 1 2 3 |  3.0
Summonings     | 1 2 3 |  3.0
Necromancy     | 1 2 3 |  3.0
Translocations | 1 2 3 |  3.0
Transmutations | 1 2 3 |  3.0
Fire Magic     | 1 2 3 |  3.0
Air Magic      | 1 2 3 |  3.0
Earth Magic    | 1 2 3 |  3.0
Poison Magic   | 1 2 3 |  3.0
Dodging        | 5 |  5.9
Stealth        | 5 |  5.6
Ice Magic      | |  7.8

Action                   |  1- 3 |  4- 6 |  7- 9 || total
-------------------------+-------+-------+-------++-------
Melee: Bite              |     1 |     2 |     3 ||     6
       Unarmed           |     1 |       |       ||     1
       Short sword       |    11 |     1 |       ||    12
       Scimitar          |       |    14 |    13 ||    27
Throw: Stone             |       |       |     3 ||     3
 Cast: Freeze            |    52 |    46 |    53 ||   151
       Frozen Ramparts   |       |    20 |    21 ||    41
       Ozocubu's Armour  |       |       |     4 ||     4
 Stab: Sleeping          |     3 |     6 |     8 ||    17
Armor: Robe              |     4 |    11 |     7 ||    22
Dodge: Dodged            |    27 |    40 |    40 ||   107
